 Dungeon Crawl Stone Soup version 0.18.1-50-g88ac8fd (webtiles) character file.

26628 Amnesiac the Brilliant (level 13, -4/60 HPs)
             Began as a Vine Stalker Fighter on Mar 10, 2018.
             Was a High Priest of Pakellas.
             Shot with a bolt by an orc warlord (28 damage)
             ... on level 2 of the Orcish Mines on Mar 11, 2018.
             The game lasted 00:36:11 (12114 turns).

Amnesiac the Brilliant (Vine Stalker Fighter)      Turns: 12114, Time: 00:36:12

Health: -4/60      AC: 17    Str: 24    XL:     13   Next: 27%
Magic:  0/26       EV:  6    Int:  8    God:    Pakellas [*****.]
Gold:   1205       SH: 16    Dex: 14    Spells: 0 memorised, 12 levels left

rFire  + . .     SeeInvis .     a - +1 dagger (holy)
rCold  . . .     Gourm    .     O - +2 plate armour {rF+}
rNeg   . . .     Faith    .     A - +2 shield
rPois  .         Spirit   +     y - +1 helmet
rElec  .         Dismiss  .     (no cloak)
rCorr  .         Reflect  +     E - +0 pair of gloves
SustAt .         Harm     .     i - +0 pair of boots
MR     +....                    R - +4 amulet of reflection
Stlth  ..........               q - +1 ring of evasion
                                H - ring of flight

@: somewhat resistant to hostile enchantments, extremely unstealthy
A: fangs 3, hooves 1, regeneration 3, magic shield, antimagic bite, no device
heal 3, rot immunity
a: Quick Charge, Device Surge, Renounce Religion, Evoke Flight


You were on level 2 of the Orcish Mines.
You worshipped Pakellas.
Pakellas was extremely pleased with you.
You were not hungry.

You visited 3 branches of the dungeon, and saw 15 of its levels.

You collected 1302 gold pieces.
You spent 97 gold pieces at shops.

Inventory:

Hand Weapons
 a - a +1 dagger of holy wrath (weapon)
Missiles
 m - 3 throwing nets (quivered)
 s - 25 poisoned needles
 F - 9 curare-tipped needles
Armour
 i - a +0 pair of boots (worn)
 y - a +1 helmet (worn)
 A - a +2 shield (worn)
 E - a +0 pair of gloves (worn)
 O - a +2 plate armour of fire resistance (worn)
Rods
 b - a +5 rod of ignition (9/9)
   (Pakellas gifted it to you on level 10 of the Dungeon)
Jewellery
 q - a +1 ring of evasion (right hand)
 H - a ring of flight (left hand)
 L - an uncursed amulet of dismissal
 R - a +4 amulet of reflection (around neck)
Wands
 g - a wand of paralysis (17/24)
 u - a wand of lightning (15/15)
 C - a wand of random effects (30/48)
 G - a wand of confusion (38/48)
 M - a wand of flame (26/48)
Scrolls
 c - a scroll of enchant armour {!r}
 d - a scroll of magic mapping {!r}
 e - a scroll of identify {!r}
 h - a scroll of recharging {!r}
 o - 5 scrolls of teleportation {!r}
 r - 4 scrolls of remove curse {!r}
 K - a scroll of blinking {!r}
 U - a scroll of summoning {!r}
Potions
 k - a potion of resistance {!q}
 p - 2 potions of cancellation {!q}
 t - 3 potions of lignification {!q}
 w - a potion of cure mutation {!q}
 x - 2 potions of agility {!q}
 B - a potion of brilliance {!q}
 I - 2 potions of curing {!q}
 P - 5 potions of magic {!q}
Miscellaneous
 D - a phantom mirror
 S - a lamp of fire
Comestibles
 f - 9 bread rations
 j - 6 meat rations
 l - 7 chunks of flesh
 n - 8 beef jerkies
 z - 9 royal jellies
 J - 11 fruits


   Skills:
 - Level 3.0 Fighting
 - Level 8.0 Short Blades
 - Level 3.0 Armour
 - Level 3.0 Dodging
 - Level 3.0 Shields
 + Level 17.1 Evocations


You had 12 spell levels left.
You didn't know any spells.

Dungeon Overview and Level Annotations

Branches:
Dungeon (12/15)            Temple (1/1) D:5            Lair (0/8) D:10
    Orc (2/2) D:12            Elf (0/3) Orc:2

Altars:
Cheibriados
Dithmenos
Elyvilon
Fedhas
Gozag
Kikubaaqudgha
Makhleb
Nemelex Xobeh
Okawaru
Pakellas
Qazlal
Ru
Vehumet
Xom
Yredelemnul
Zin
The Shining One

Shops:
D:10 =   Orc:2 **


Innate Abilities, Weirdness & Mutations

You have razor-sharp teeth.
You regenerate.
When hurt, damage is shared between your health and your magic reserves.
Your bite disrupts and absorbs the magic of your enemies.
Potions and wands cannot restore your health.
You are immune to rotting.
You have large cloven feet.


Message History

You reflect the tomahawk off an invisible shield around you!
The tomahawk hits the orc warrior!
The orc warrior throws a tomahawk.
You reflect the tomahawk off an invisible shield around you!
The tomahawk completely misses the orc warrior.
An orc warrior comes into view. It is wielding a battleaxe.
The orc warrior throws a tomahawk.
The tomahawk hits you.
You see here a tomahawk.
The helpless orc priest fails to defend itself.
You impale the orc priest!!
You kill the orc priest!
Pakellas accepts your kill.
An orc wizard comes into view. It is wielding a dagger.
Evoke which item? (* to show all) (? for menu, Esc to quit)
Zapping:
g - a wand of paralysis (23/24)
Press: ? - help, Shift-Dir - straight line, f - orc warrior
Aim: an orc warrior, wielding a short sword and wearing a chain mail (severely wounded, unusually strong, chance to defeat MR: 75%)
The orc warrior suddenly stops moving!
This wand has 22 charges left.
The orc wizard shouts!
The orc wizard moves out of view.
The helpless orc warrior fails to defend itself.
You impale the orc warrior!!
You kill the orc warrior!
Pakellas accepts your kill.
Evoke which item? (* to show all) (? for menu, Esc to quit)
Zapping:
g - a wand of paralysis (22/24)
Press: ? - help, Shift-Dir - straight line, f - orc warlord
Aim: an orc warlord, wielding a battleaxe and wearing a runed chain mail (chance to defeat MR: 41%)
The orc warlord resists with almost no effort.
This wand has 21 charges left.
You block the orc warlord's attack.
Evoke which item? (* to show all) (? for menu, Esc to quit)
Zapping:
g - a wand of paralysis (21/24)
Press: ? - help, Shift-Dir - straight line, f/p - orc warlord
Aim: an orc warlord, wielding a battleaxe and wearing a runed chain mail (chance to defeat MR: 41%)
The orc warlord resists with almost no effort.
This wand has 20 charges left.
Evoke which item? (* to show all) (? for menu, Esc to quit)
Zapping:
g - a wand of paralysis (20/24)
Press: ? - help, Shift-Dir - straight line, f/p - orc warlord
Aim: an orc warlord, wielding a battleaxe and wearing a runed chain mail (chance to defeat MR: 41%)
The orc warlord resists with almost no effort.
This wand has 19 charges left.
Evoke which item? (* to show all) (? for menu, Esc to quit)
Zapping:
g - a wand of paralysis (19/24)
Press: ? - help, Shift-Dir - straight line, f/p - orc warlord
Aim: an orc warlord, wielding a battleaxe and wearing a runed chain mail (chance to defeat MR: 41%)
The orc warlord resists with almost no effort.
This wand has 18 charges left.
The orc warlord hits you with a battleaxe!
You block the orc warrior's attack.
Evoke which item? (* to show all) (? for menu, Esc to quit)
Zapping:
g - a wand of paralysis (18/24)
Press: ? - help, Shift-Dir - straight line, f/p - orc warlord
Aim: an orc warlord, wielding a battleaxe and wearing a runed chain mail (chance to defeat MR: 41%)
The orc warlord resists with almost no effort.
This wand has 17 charges left.
The orc warlord hits you with a battleaxe!!
* * * LOW HITPOINT WARNING * * *
The orc warrior closely misses you.
The orc warlord unwields an uncursed battleaxe.
The orc warlord wields an arbalest.
The orc warlord shoots a bolt.
The bolt hits you!!
You die...
Pakellas says: Good help is so hard to find these days! ... ##.#...... . #.......... #........... ##............ o ##............. .. ##.)....#.#..... o.o

##).....####..... ....##
##........##......
...#..###@................
.......#(...#.............
......ooo.#.##............
.......(o....#...#...##...
................###.##....
......(......>...######...
................## ###.
.....(.........## #..
................# #...


You could see an orc warlord, an orc warrior, an orc wizard and an orc.

Vanquished Creatures
  Donald (Orc:2)
  An orc warlord (Orc:1)
  Erica (D:11)
  A hydra (D:12)
  Erolcha (D:9)
  A sun demon (Orc:2)
  A soul eater (Orc:2)
  3 hill giants
  An orc knight (Orc:2)
  Pikel (D:4)
  A deep elf mage (D:12)
  An ugly thing (D:11)
  An orc sorcerer (Orc:1)
  2 manticores (D:12)
  Joseph (D:8)
  Psyche (D:11)
  3 orange demons
  A red devil (Orc:2)
  6 trolls
  Prince Ribbit (D:5)
  3 two-headed ogres
  Sigmund (D:3)
  2 water elementals (D:12)
  A vampire (D:11)
  2 wraiths (D:10)
  A wyvern (D:10)
  A shadow (D:12)
  4 yaks (D:9)
  2 hippogriffs
  Grum (D:10)
  2 hungry ghosts
  5 wargs
  2 soldier ants (D:8)
  24 orc warriors
  3 sky beasts
  2 slaves (D:4)
  4 ice beasts
  A wasp (D:8)
  2 phantoms
  A necrophage (D:11)
  3 wolves (D:10)
  6 ogres
  2 centaurs
  A crocodile (D:9)
  9 giant frogs
  A big kobold (D:5)
  A gnoll sergeant (D:9)
  A water moccasin skeleton (D:5)
  7 scorpions
  12 killer bees
  3 wights (D:10)
  4 electric eels (D:12)
  7 howler monkeys
  10 crimson imps
  A jelly (D:6)
  A quasit (D:6)
  2 centaur skeletons
  7 hounds
  15 orc wizards
  20 orc priests
  14 two-headed ogre zombies (D:9)
  2 giant frog skeletons
  2 iguanas (D:6)
  13 worker ants
  A statue (D:4)
  2 ogre zombies (D:9)
  Robin (D:3)
  7 gnolls
  10 adders
  3 shadow imps
  An adder zombie (D:5)
  2 worms
  A dart slug (D:1)
  6 giant geckos
  81 orcs
  3 ball pythons
  6 giant cockroaches
  27 goblins
  10 hobgoblins
  14 jackals
  9 quokkas
  8 bats
  3 giant newts
  17 kobolds
  4 rats
454 creatures vanquished.

Vanquished Creatures (collateral kills)
  The ghost of magog001 the Protected, a journeyman MiHu of Nemelex Xobeh (Orc:2)
1 creature vanquished.

Vanquished Creatures (others)
  2 slaves (D:4)
  An iguana (D:2)
3 creatures vanquished.

Grand Total: 458 creatures vanquished

Notes
Turn   | Place    | Note
--------------------------------------------------------------
     0 | D:1      | Amnesiac the Vine Stalker Fighter began the quest for the Orb.
     0 | D:1      | Reached XP level 1. HP: 11/11 MP: 2/2
   143 | D:1      | Reached XP level 2. HP: 15/16 MP: 3/3
   248 | D:2      | Found an iron altar of Okawaru.
   272 | D:3      | Reached XP level 3. HP: 19/19 MP: 4/4
   321 | D:4      | Reached XP level 4. HP: 20/23 MP: 5/5
   362 | D:4      | Found a blossoming altar of Fedhas.
   363 | D:4      | Noticed a centaur
   430 | D:4      | Killed a centaur
   430 | D:4      | Reached XP level 5. HP: 23/27 MP: 6/6
   484 | D:4      | Reached skill level 5 in Short Blades
   583 | D:4      | Found a sacrificial altar of Ru.
   688 | D:5      | Entered Level 5 of the Dungeon
   733 | D:5      | Noticed an ice beast
   785 | D:5      | Killed an ice beast
   785 | D:5      | Gained mutation: You heal very quickly. [Vine Stalker growth]
   785 | D:5      | Reached XP level 6. HP: 32/32 MP: 7/7
   844 | D:5      | Reached skill level 1 in Evocations
   954 | D:5      | Reached skill level 2 in Evocations
   986 | D:5      | Reached XP level 7. HP: 35/35 MP: 8/10
  1019 | D:5      | Reached skill level 3 in Evocations
  1265 | D:5      | Found a staircase to the Ecumenical Temple.
  1281 | Temple   | Entered the Ecumenical Temple
  1296 | Temple   | Became a worshipper of Pakellas the Inventive
  1308 | Temple   | Reached skill level 4 in Evocations
  1871 | D:2      | Reached * piety under Pakellas
  1871 | D:2      | Received a gift from Pakellas
  2061 | D:2      | Found an oddly glowing altar of Pakellas.
  2061 | D:2      | Noticed an orange crystal statue
  2119 | D:2      | Found a white marble altar of Elyvilon.
  2286 | D:3      | Noticed Robin
  2314 | D:3      | Killed Robin
  2409 | D:3      | Reached ** piety under Pakellas
  2409 | D:3      | Received a gift from Pakellas
  2792 | D:3      | Noticed Sigmund
  2808 | D:3      | Killed Sigmund
  2808 | D:3      | Reached skill level 5 in Evocations
  2808 | D:3      | Gained mutation: You have razor-sharp teeth. [Vine Stalker growth]
  2808 | D:3      | Reached XP level 8. HP: 32/39 MP: 11/13
  2848 | D:3      | Found a burning altar of Makhleb.
  3124 | D:4      | Noticed Pikel
  3154 | D:4      | Killed Pikel
  3154 | D:4      | Reached skill level 7 in Evocations
  3251 | D:4      | Found a radiant altar of Vehumet.
  3255 | D:4      | Reached *** piety under Pakellas
  3255 | D:4      | Received a gift from Pakellas
  3590 | D:5      | Noticed Prince Ribbit
  3605 | D:5      | Killed Prince Ribbit
  3605 | D:5      | Reached skill level 8 in Evocations
  3808 | D:5      | Reached XP level 9. HP: 27/43 MP: 16/16
  3862 | D:5      | Found an ancient bone altar of Kikubaaqudgha.
  4165 | D:6      | Reached skill level 9 in Evocations
  4933 | D:7      | Identified Ikhlot's Guide on Freezing Good Luck
  5058 | D:7      | Found a glowing silver altar of Zin.
  5096 | D:7      | Reached skill level 10 in Evocations
  5135 | D:7      | Found a shadowy altar of Dithmenos.
  5270 | D:7      | Found a snail-covered altar of Cheibriados.
  5273 | D:7      | Found a blossoming altar of Fedhas.
  5276 | D:7      | Found a sparkling altar of Nemelex Xobeh.
  5279 | D:7      | Found a glowing golden altar of the Shining One.
  5954 | D:8      | Reached XP level 10. HP: 47/47 MP: 16/18
  5997 | D:8      | Reached skill level 1 in Dodging
  6061 | D:8      | Noticed Joseph
  6077 | D:8      | Killed Joseph
  6574 | D:9      | Reached **** piety under Pakellas
  6574 | D:9      | Received a gift from Pakellas
  6945 | D:9      | Noticed Erolcha
  7094 | D:9      | Killed Erolcha
  7094 | D:9      | Reached skill level 11 in Evocations
  7262 | D:9      | Reached XP level 11. HP: 43/52 MP: 17/20
  7352 | D:9      | Reached skill level 12 in Evocations
  7426 | D:9      | Found a stormy altar of Qazlal.
  7677 | D:9      | Found a shimmering altar of Xom.
  8051 | D:10     | Entered Level 10 of the Dungeon
  8090 | D:10     | Noticed Grum
  8101 | D:10     | Killed Grum
  8237 | D:10     | Noticed a hill giant
  8242 | D:10     | Killed a hill giant
  8308 | D:10     | Reached skill level 13 in Evocations
  8367 | D:10     | Found a staircase to the Lair.
  8416 | D:10     | Found Seegrad's Jewellery Boutique.
  8559 | D:10     | Reached ***** piety under Pakellas
  8559 | D:10     | Received a gift from Pakellas
  9029 | D:11     | Noticed Erica
  9037 | D:11     | Killed Erica
  9084 | D:11     | Got a faintly humming robe
  9450 | D:11     | Noticed Psyche
  9462 | D:11     | Noticed a purple ugly thing
  9466 | D:11     | Killed a purple ugly thing
  9466 | D:11     | Reached skill level 14 in Evocations
  9505 | D:11     | Killed Psyche
  9602 | D:11     | Gained mutation: You regenerate. [Vine Stalker growth]
  9602 | D:11     | Reached XP level 12. HP: 56/56 MP: 23/23
  9822 | D:12     | Noticed a five-headed hydra
  9831 | D:12     | Killed a five-headed hydra
  9878 | D:12     | Identified a +5 rod of ignition (9/9) (Pakellas gifted it to you on level 10 of the Dungeon)
  9902 | D:12     | Identified the +2 robe "Ykuug" {+Blink +Fly rElec} (You found it on level 11 of the Dungeon)
 10017 | D:12     | Reached skill level 15 in Evocations
 10083 | D:12     | Gained mutation: You have large cloven feet. [potion of beneficial mutation]
 10197 | D:12     | Found a staircase to the Orcish Mines.
 10647 | Orc:1    | Entered Level 1 of the Orcish Mines
 10917 | Orc:1    | Noticed an orc warlord
 10962 | Orc:1    | Killed an orc warlord
 10976 | D:12     | Reached skill level 16 in Evocations
 11321 | Orc:2    | Entered Level 2 of the Orcish Mines
 11552 | Orc:2    | Noticed a soul eater
 11570 | Orc:2    | Killed a soul eater
 11572 | Orc:2    | Noticed magog001's ghost (journeyman MiHu)
 11583 | Orc:2    | Killed magog001's ghost
 11583 | Orc:2    | Reached XP level 13. HP: 43/60 MP: 12/26
 11666 | Orc:2    | Found Peucus's General Store.
 11677 | Orc:2    | Found Hic Ysyokhle's General Store.
 11816 | Orc:2    | Bought a scroll of enchant armour for 97 gold pieces
 11868 | Orc:2    | Noticed an orc warlord
 11956 | Orc:2    | Noticed Donald
 11967 | Orc:2    | Killed Donald
 11967 | Orc:2    | Reached skill level 17 in Evocations
 12051 | Orc:2    | Found a staircase to the Elven Halls.
 12114 | Orc:2    | Shot with a bolt by an orc warlord

Skill      XL: |  1  2  3  4  5  6  7  8  9 10 11 12 13 |
---------------+----------------------------------------+-----
Short Blades   | 2 3 4 6 7 8 |  8.0
Evocations     | 2 5 8 10 11 14 16 17 | 17.1
Dodging        | 3 |  3.0
Shields        | 3 |  3.0
Armour         | 3 |  3.0
Fighting       | 3 |  3.0

Action                   |  1- 3 |  4- 6 |  7- 9 | 10-12 | 13-15 || total
-------------------------+-------+-------+-------+-------+-------++-------
Melee: Rapier            |    61 |   113 |   580 |   424 |       ||  1178
       Bite              |     8 |    30 |   190 |   312 |    32 ||   572
       Dagger            |       |       |       |   395 |    89 ||   484
Invok: Quick Charge      |       |       |     6 |    25 |     4 ||    35
Evoke: Wand              |       |     1 |    16 |   192 |    45 ||   254
       Rod               |       |       |       |     3 |       ||     3
       Lamp of fire      |       |       |       |     1 |       ||     1
  Use: Potion            |     1 |       |       |     1 |       ||     2
       Scroll            |       |     1 |       |    18 |       ||    19
 Stab: Paralysed         |       |       |    13 |   184 |    30 ||   227
       Confused          |       |       |       |     2 |       ||     2
       Distracted        |       |       |       |     1 |       ||     1
  Eat: Chunk             |       |     1 |    19 |    25 |     2 ||    47
Armor: Scale mail        |    25 |       |       |       |       ||    25
       Plate armour      |       |    69 |   309 |   132 |       ||   510
       Chain mail        |       |       |       |   112 |    14 ||   126
Dodge: Dodged            |    21 |    17 |    62 |   122 |     9 ||   231
Block: Shield            |    32 |    40 |   197 |   377 |    11 ||   657
       Reflection        |       |       |       |    12 |     5 ||    17
       Large shield      |       |       |       |    96 |    57 ||   153
